 Dungeon Crawl Stone Soup version 0.29-a0-344-ge2f44be95a (webtiles) character file.

Game seed: 6767484217210637620

193702 quokkamancerX the Brawler (level 17, 0/249 HPs)
             Began as a Troll Monk on Apr 21, 2022.
             Was a High Priest of Okawaru.
             Slain by a sun moth (13 damage)
             ... on level 1 of the Spider Nest on Apr 22, 2022.
             The game lasted 03:05:41 (30987 turns).

quokkamancerX the Brawler (Troll Monk)             Turns: 30987, Time: 03:05:42

Health: 0/249      AC: 18    Str: 29    XL:     17   Next: 65%
Magic:  31/34      EV: 11    Int:  9    God:    Okawaru [*****.]
Gold:   667        SH: 15    Dex: 12    Spells: 16/16 levels left

rFire   + . .      SeeInvis .     - Unarmed
rCold   + . .      Faith    .   z - +0 kite shield {reflect}
rNeg    . . .      Spirit   .   N - +1 swamp dragon scales
rPois   +          Reflect  +   S - +2 hat "Ceanuaz" {rC+ Regen+ MP+9}
rElec   .          Harm     .   a - +2 cloak {rF+}
rCorr   .          Rampage  .   (gloves unavailable)
Will    +....                   (boots unavailable)
Stlth   ..........              M - amulet of reflection
HPRegen 2.11/turn               Q - +4 ring of slaying
MPRegen 0.24/turn               J - ring "Zaosam Aste" {Int+3 Slay+4}

@: berserking, lethally poisoned (0 -> -1), glowing, studying Dodging, very
quick
A: large, unfitting armour, claws 3, regeneration 1, shaggy fur 1, tough skin 1
}: 1/15 runes: decaying
a: Renounce Religion, Heroism, Finesse, Duel


You were on level 1 of the Spider Nest.
You worshipped Okawaru.
Okawaru was extremely pleased with you.
You visited 6 branches of the dungeon, and saw 30 of its levels.
You visited the Abyss 1 time.
You also visited: Sewer, Gauntlet and Volcano.

You collected 3061 gold pieces.
You spent 2394 gold pieces at shops.

Inventory:

Missiles
 j - 3 silver javelins
 s - 3 curare-tipped darts
 I - 43 large rocks (quivered)
 L - a throwing net
 Y - 3 atropa-tipped darts
Armour
 a - a +2 cloak of fire resistance (worn)
 z - a +0 kite shield of reflection (worn)
 C - a +0 kite shield
 N - +1 swamp dragon scales (worn)
 S - the +2 hat "Ceanuaz" (worn) {rC+ Regen+ MP+9}
   (You acquired it on level 12 of the Dungeon)

   rC:        It protects you from cold.
   MP:        It affects your magic capacity (+9).
   Regen:     It increases your rate of health regeneration.
Jewellery
 h - a ring of willpower
 m - a +6 ring of dexterity
 y - a ring of flight
 A - a ring of positive energy
 J - the ring "Zaosam Aste" (right claw) {Int+3 Slay+4}
   (You took it off a centaur warrior on level 13 of the Dungeon)

   [ring of slaying]

   Int:       It affects your intelligence (+3).
   Slay:      It affects your accuracy & damage with ranged weapons and melee
   (+4).
 M - an amulet of reflection (around neck)
 P - a +4 ring of protection
 Q - a +4 ring of slaying (left claw)
 R - a ring of poison resistance
 T - the ring "Idompuq" {Ice rN++}
   (You found it in a Gauntlet)

   [ring of ice]

   It enhances your ice magic.
   rF:        It makes you vulnerable to fire.
   rC:        It protects you from cold.
   rN:        It greatly protects you from negative energy.
 W - a +6 ring of strength
Wands
 p - a wand of mindburst (11)
 q - a wand of iceblast (30)
 B - a wand of paralysis (33)
 H - a wand of digging (15)
 K - a wand of flame (11)
Scrolls
 b - 5 scrolls of fear
 f - 14 scrolls of identify
 g - 14 scrolls of teleportation
 n - 9 scrolls of immolation
 t - 3 scrolls of blinking
 v - 2 scrolls of enchant weapon
 D - a scroll of holy word
 F - 2 scrolls of silence
 G - 2 scrolls of fog
 X - a scroll of magic mapping
Potions
 c - 11 potions of attraction
 d - 5 potions of heal wounds
 e - 6 potions of magic
 i - 11 potions of ambrosia
 k - 5 potions of cancellation
 l - 15 potions of curing
 o - 6 potions of haste
 r - 4 potions of invisibility
 u - 3 potions of mutation
 w - 3 potions of flight
 x - 3 potions of resistance
 O - 7 potions of might
Miscellaneous
 U - a phial of floods


   Skills:
 - Level 10.0 Fighting
 - Level 10.0 Armour
 - Level 10.0 Dodging
 - Level 1.0 Stealth
 - Level 10.0 Shields
 + Level 20.9 Unarmed Combat
 - Level 12.0 Invocations


You had 16 spell levels left.
You didn't know any spells.
Your spell library contained the following spells:

 Spells                   Type           Power      Damage    Failure   Level
 Magic Dart               Conj           0%         1d3       71%         1
 Pain                     Necr           0%         1d4       71%         1
 Blink                    Tloc           0%         N/A       83%         2
 Corpse Rot               Necr/Air       0%         N/A       83%         2
 Poisonous Vapours        Pois/Air       0%         N/A       83%         2
 Scorch                   Fire           0%         2d5       83%         2
 Sublimation of Blood     Necr           0%         N/A       83%         2
 Wereblood                Tmut           0%         N/A       83%         2
 Confusing Touch          Hex            0%         N/A       97%         3
 Gell's Gravitas          Tloc           0%         N/A       97%         3
 Ignite Poison            Fire/Tmut/Pois 0%         N/A       97%         3
 Lesser Beckoning         Tloc           0%         N/A       97%         3
 Mephitic Cloud           Conj/Pois/Air  0%         N/A       97%         3
 Teleport Other           Tloc           0%         N/A       97%         3
 Vampiric Draining        Necr           0%         2d6       97%         3
 Anguish                  Hex/Necr       0%         N/A       100%        4
 Flame Wave               Conj/Fire      0%         2d4       100%        4
 Fulminant Prism          Conj/Hex       0%         3d6       100%        4
 Hailstorm                Conj/Ice       0%         3d3       100%        4
 Ice Form                 Ice/Tmut       0%         N/A       100%        4
 Iskenderun's Mystic Bla  Conj/Tloc      0%         2d3       100%        4
 Blade Hands              Tmut           0%         N/A       100%        5
 Freezing Cloud           Conj/Ice/Air   0%         6-21      100%        5
 Lee's Rapid Deconstruct  Erth           0%         3d5*      100%        5
 Manifold Assault         Tloc           0%         N/A       100%        5
 Yara's Violent Unravell  Hex/Tmut       0%         3d3       100%        5
 Iron Shot                Conj/Erth      0%         9d1       100%        6
 Enfeeble                 Hex            0%         N/A       100%        7
 Animate Skeleton         Necr           Unusable   N/A       N/A         1
 Call Imp                 Summ           Unusable   N/A       N/A         2
 Tukima's Dance           Hex            Unusable   N/A       N/A         3
 Animate Armour           Summ/Erth      Unusable   N/A       N/A         4
 Simulacrum               Ice/Necr       Unusable   N/A       N/A         6
 Summon Cactus Giant      Summ           Unusable   N/A       N/A         6
 Summon Hydra             Summ           Unusable   N/A       N/A         7

Dungeon Overview and Level Annotations

Branches:
Dungeon (15/15)            Temple (1/1) D:6            Lair (6/6) D:10
  Swamp (4/4) Lair:3       Spider (2/4) Lair:2        Slime (0/5) Lair:6
    Orc (2/2) D:10            Elf (0/3) Orc:2        Vaults (0/5) D:13
 Depths (0/4) D:15          Sewer (visited)         Volcano (visited)
Gauntlet (visited)

Altars:
Ashenzari
Cheibriados
Dithmenos
Elyvilon
Fedhas
Gozag
Hepliaklqana
Kikubaaqudgha
Makhleb
Nemelex Xobeh
Okawaru
Qazlal
Ru
Sif Muna
Trog
Uskayaw
Vehumet
Wu Jian
Xom
Yredelemnul
Zin
The Shining One
Beogh
Jiyva

Shops:
D:5 **   D:8 =   D:13 *(   D:14 :   Orc:2 ?(:!

Annotations:
D:7 2 transporters


Innate Abilities, Weirdness & Mutations

You are too large for most types of armour.
You have claws for hands.
Your natural rate of healing is unusually fast.
You are covered in fur. (AC +1)
You have tough skin. (AC +1)


Message History

The jorogumo hits you but does no damage.
You block the sun moth's attack. The culicivora bites you!!
* * * LOW HITPOINT WARNING * * *
The culicivora draws strength from your injuries!
A red film seems to cover your vision as you go berserk!
Your finesse ends abruptly.
You feel yourself moving faster!
You feel mighty!
You feel like a meek peon again.
You feel sick. The tarantella touches you.
* * * LOW HITPOINT WARNING * * *
You block the jorogumo's attack. You block the culicivora's attack.
The sun moth barely misses you. The tarantella touches you!
* * * LOW HITPOINT WARNING * * *
You eviscerate the jorogumo!!!
You kill the jorogumo!
Okawaru accepts your kill.
You feel sick. The culicivora misses you.
Unknown command.
You closely miss the sun moth. The tarantella touches you!
* * * LOW HITPOINT WARNING * * *
The sun moth bites you!
* * * LOW HITPOINT WARNING * * *
Unknown command.
You claw the sun moth!
The sun moth is lightly wounded.
You feel sick. You block the culicivora's attack.
You block the tarantella's attack. You block the sun moth's attack.
Unknown command.
You claw the culicivora!
The culicivora is moderately wounded.
The culicivora bites you but does no damage.
Unknown command.
You mangle the culicivora!!
The culicivora is severely wounded.
You feel sick. You block the tarantella's attack.
Unknown command.
You eviscerate the culicivora!!!
You kill the culicivora!
Okawaru accepts your kill. The sun moth bites you!
You die...

##..#..#..##....##.#.....#...###.
#....#..#...##.#....###.#..#....#
##.#.......#^#..###......#....#..
#..#..##.#..#..###......#.#.#....
###.....#......###..##...#.....##
#....####..####..#.#.#..##..###
#.#.## #..#..##.^#.......#..###
#.#..########s)##.....#..#...##
#.##..## ##...@y^.###..###.#...
#.###).###..##[†.#....##.....#.
#..###..#..##..#.....#.##.#...[
#....##...##...##.####..#...#.#
####........[#......#.#......##
##...........#.#..#....##...
##..#...#.####....##.#.##...#
###..##..##..##.#<##...###...##
#...###..###....#####.#....#.#.


You could see a sun moth and a tarantella.

Vanquished Creatures
  A tentacled monstrosity (Swamp:4)
  Mlioglotl (Swamp:3)
  2 thorn hunters
  Donald (Spider:1)
  Kirke (D:12)
  A fenstrider witch (Swamp:2)
  An emperor scorpion (Spider:1)
  Aizul (Spider:1)
  A stone giant (Volcano)
  2 bunyips (Swamp:4)
  A minotaur (Gauntlet)
  6 eleionomae
  A spark wasp (shapeshifter) (D:13)
  3 spark wasps (Spider:1)
  The ghost of clara the Cleaver, a journeyman DgWn (Lair:3)
  An ettin (D:15)
  The ghost of spaghetti the Spear-Bearer, a journeyman NaFi of Sif Muna (Lair:3)
  2 shambling mangroves
  A great orb of eyes (D:9)
  5 boulder beetles
  Erolcha (Orc:2)
  4 vault guards (D:13)
  3 ghost crabs
  21 hydras
  An ogre mage (D:14)
  A spriggan air mage (Swamp:2)
  2 radroaches (Spider:1)
  Erica (D:8)
  A death knight (D:12)
  An anaconda (shapeshifter) (D:13)
  2 jorogumos (Spider:1)
  A catoblepas (Lair:6)
  7 two-headed ogres
  9 centaur warriors
  4 death yaks (Lair:4)
  8 alligators
  3 orc high priests
  3 tengu warriors
  A thrashing horror (Gauntlet)
  11 spriggans
  A deep elf knight (D:9)
  10 goliath frogs
  6 skeletal warriors
  3 pharaoh ants
  2 deep trolls (D:15)
  7 spriggan druids
  A steelbarb worm (Spider:1)
  2 bog bodies (Swamp:2)
  4 lindwurms
  11 swamp dragons
  7 orc knights
  A necromancer (Arena)
  2 wizards
  2 will-o-the-wisps
  7 wolf spiders
  8 orc sorcerers
  7 ugly things
  7 manticores
  3 elephants (Lair:6)
  9 cyclopes
  3 black mambas
  2 molten gargoyles (Volcano)
  An unseen horror (shapeshifter) (D:13)
  3 torpor snails
  25 cane toads
  An unseen horror (D:12)
  2 gargoyles
  2 efreet
  A rime drake (Lair:3)
  15 komodo dragons
  3 yaktaurs (D:14)
  7 demonic crawlers (Spider:1)
  2 freezing wraiths
  A queen bee (Lair:1)
  15 tyrant leeches
  7 trolls
  A polar bear (Lair:6)
  6 meliai
  6 slime creatures (D:10)
  A bloated husk (Swamp:2)
  12 tarantellas (Spider:1)
  6 hornets
  A dream sheep (shapeshifter) (D:13)
  25 blink frogs
  10 culicivoras
  2 centaur simulacra (D:13)
  A shadow (D:11)
  7 wraiths
  A water elemental (D:12)
  3 hogs (D:12)
  16 jumping spiders (Spider:1)
  5 fire bats (Volcano)
  6 wyverns
  4 humans (D:12)
  Grum (D:8)
  2 fire elementals
  19 yaks
  4 basilisks
  23 redbacks (Spider:1)
  A basilisk (shapeshifter) (D:13)
  29 vampire mosquitoes
  14 swamp worms
  3 wargs
  4 acid dragons
  16 water moccasins
  4 small abominations (Gauntlet)
  7 swamp drakes
  3 sky beasts
  An ice beast (D:6)
  2 black bears
  16 orc warriors
  9 ogres
  13 wolves
  8 centaurs
  2 phantoms
  7 kobold brigands
  A scorpion (D:6)
  19 bullfrogs
  2 gnoll sergeants
  3 necrophages
  2 earth elementals (Volcano)
  6 wights
  43 killer bees
  6 howler monkeys
  8 electric eels
  6 lava snakes
  2 jellies
  4 hounds
  2 gnoll shamans
  10 orc priests
  Jessica (D:2)
  An iguana (D:6)
  31 orc wizards
  16 gnolls
  7 adders
  A river rat (Sewer)
  A shadow imp (D:6)
  2 white imps
  5 worms
  A dart slug (D:2)
  44 orcs
  6 ball pythons
  4 bats
  9 endoplasms
  3 giant cockroaches
  7 goblins
  11 hobgoblins
  18 jackals
  37 kobolds
  6 quokkas
  2 frilled lizards (D:1)
  6 rats
  A briar patch (Swamp:3)
944 creatures vanquished.

Vanquished Creatures (others)
  A will-o-the-wisp (Swamp:2)
  A tyrant leech (Swamp:2)
  A swamp worm (Swamp:4)
  An orc priest (Orc:2)
  4 briar patches
  4 demonic plants (Gauntlet)
  4 foxfires
  44 fungi
  73 plants
  7 toadstools (Swamp:2)
140 creatures vanquished.

Grand Total: 1084 creatures vanquished

Notes
Turn   | Place    | Note
-------+----------+-------------------------------------------
     0 | D:1      | quokkamancerX the Troll Monk began the quest for the Orb.
     0 | D:1      | Reached XP level 1. HP: 22/22 MP: 0/0
   188 | D:1      | Reached XP level 2. HP: 29/29 MP: 1/1
   303 | D:1      | Reached skill level 4 in Unarmed Combat
   307 | D:1      | Found a faded altar of an unknown god.
   520 | D:1      | Reached XP level 3. HP: 36/36 MP: 2/2
   896 | D:2      | Noticed Jessica
   909 | D:2      | Killed Jessica
   910 | D:2      | Reached skill level 5 in Unarmed Combat
   910 | D:2      | Reached XP level 4. HP: 9/44 MP: 3/3
   971 | D:2      | Identified the +3 scale mail of Time Monsters {Fly Will+}
  2550 | D:4      | Reached XP level 5. HP: 50/50 MP: 4/4
  3108 | D:5      | Entered Level 5 of the Dungeon
  3115 | D:5      | Found Yplouhujis's General Store.
  3119 | D:5      | Found Gaatri's Specific Store.
  3153 | D:5      | Noticed a phantom
  3156 | D:5      | Noticed an ogre
  3165 | D:5      | Killed a phantom
  3166 | D:5      | Reached skill level 6 in Unarmed Combat
  3178 | D:5      | Killed an ogre
  3179 | D:5      | Reached skill level 7 in Unarmed Combat
  3179 | D:5      | Reached XP level 6. HP: 24/59 MP: 5/5
  3262 | D:5      | Found a glowing drain.
  3279 | Sewer    | Entered a sewer
  3358 | Sewer    | Reached skill level 8 in Unarmed Combat
  3358 | Sewer    | Reached XP level 7. HP: 65/66 MP: 6/6
  3653 | D:5      | Identified the +3 ring mail of the Cricket {Will++ Slay+3}
  3761 | D:5      | Bought a scroll of enchant armour for 105 gold pieces
  3761 | D:5      | Bought a scroll of teleportation for 42 gold pieces
  4043 | D:6      | Found a staircase to the Ecumenical Temple.
  4051 | Temple   | Entered the Ecumenical Temple
  4488 | Temple   | Became a worshipper of Warmaster Okawaru
  4488 | Temple   | Reached * piety under Okawaru
  4488 | Temple   | Reached ** piety under Okawaru
  4559 | D:6      | Found a sacrificial altar of Ru.
  4570 | D:6      | Reached skill level 9 in Unarmed Combat
  4693 | D:6      | Found an opulent altar of Gozag.
  4764 | D:6      | Reached XP level 8. HP: 68/74 MP: 7/7
  4875 | D:6      | Reached skill level 10 in Unarmed Combat
  5034 | D:6      | Reached *** piety under Okawaru
  5208 | D:7      | Found a transporter.
  5213 | D:7      | Noticed a kobold demonologist
  5257 | D:7      | Reached skill level 11 in Unarmed Combat
  5299 | D:7      | Noticed a boulder beetle
  5326 | D:7      | Killed a boulder beetle
  5327 | D:7      | Reached skill level 12 in Unarmed Combat
  5327 | D:7      | Reached XP level 9. HP: 25/83 MP: 6/8
  5423 | D:7      | Reached **** piety under Okawaru
  5579 | D:7      | Found a transporter.
  5687 | D:7      | Reached skill level 5 in Fighting
  6051 | D:8      | Noticed Grum
  6081 | D:8      | Killed Grum
  6275 | D:8      | Reached XP level 10. HP: 74/104 MP: 9/9
  6341 | D:8      | Noticed a manticore
  6352 | D:8      | Killed a manticore
  6356 | D:8      | HP: 5/104 [poisoned by a kobold brigand (curare-tipped
                  | dart)]
  6554 | D:8      | Noticed Erica
  6591 | D:8      | HP: 5/104 [Erica/+0 scimitar of flaming (1)]
  6593 | D:8      | Killed Erica
  6593 | D:8      | Reached ***** piety under Okawaru
  6700 | D:8      | Found Xuwixkass's Jewellery Shop.
  7333 | D:9      | Received a gift from Okawaru
  7422 | D:9      | Found a runed translucent door.
  7422 | D:9      | Noticed a great orb of eyes
  7422 | D:9      | Noticed a cyclops
  7422 | D:9      | Noticed a deep elf knight
  7424 | D:9      | Noticed a manticore
  7424 | D:9      | Noticed a wizard
  7424 | D:9      | Noticed a cyclops
  7541 | D:9      | Reached skill level 10 in Fighting
  7606 | D:9      | Reached skill level 1 in Invocations
  7937 | D:10     | Entered Level 10 of the Dungeon
  8009 | D:10     | Found a staircase to the Orcish Mines.
  8313 | D:10     | Reached XP level 11. HP: 86/117 MP: 13/13
  8388 | D:10     | Reached skill level 5 in Invocations
  8441 | D:10     | Reached skill level 1 in Armour
  8717 | D:10     | Found a staircase to the Lair.
  9231 | D:11     | Noticed a seven-headed hydra
  9377 | D:11     | Reached skill level 5 in Armour
  9379 | D:11     | Found a white marble altar of Elyvilon.
  9550 | D:11     | Noticed a two-headed ogre
  9556 | D:11     | Killed a two-headed ogre
  9556 | D:11     | Received a gift from Okawaru
  9622 | D:11     | Noticed a two-headed ogre
  9634 | D:11     | Killed a two-headed ogre
  9647 | D:11     | Killed a ten-headed hydra
 10014 | Lair:1   | Entered Level 1 of the Lair of Beasts
 10135 | Lair:1   | Noticed a four-headed hydra
 10136 | Lair:1   | Reached XP level 12. HP: 114/126 MP: 13/15
 10149 | Lair:1   | Killed a ten-headed hydra
 10395 | Lair:1   | Noticed a seven-headed hydra
 10406 | Lair:1   | Killed a 13-headed hydra
 10901 | Lair:1   | Received a gift from Okawaru
 11334 | Lair:2   | Found a hole to the Spider Nest.
 11354 | Lair:2   | Reached skill level 10 in Armour
 11443 | Lair:2   | Reached skill level 1 in Shields
 11456 | Lair:2   | Received a gift from Okawaru
 11790 | Lair:2   | Noticed a seven-headed hydra
 11800 | Lair:2   | Killed a ten-headed hydra
 12724 | Lair:3   | Reached skill level 5 in Shields
 12929 | Lair:3   | Found a runed translucent gate.
 12931 | Lair:3   | Found a runed translucent gate.
 12931 | Lair:3   | Found a runed translucent gate.
 12933 | Lair:3   | Noticed clara's ghost (journeyman DgWn)
 12934 | Lair:3   | Noticed spaghetti's ghost (journeyman NaFi)
 13091 | Lair:3   | Noticed a five-headed hydra
 13102 | Lair:3   | Killed an 11-headed hydra
 13102 | Lair:3   | Identified the +8 fustibalus of Reowe {venom, Contam Fly
                  | rN++ Str+4} (Okawaru gifted it to you on level 3 of the
                  | Lair of Beasts)
 13102 | Lair:3   | Received a gift from Okawaru
 13103 | Lair:3   | Reached XP level 13. HP: 92/133 MP: 8/16
 13204 | Lair:3   | Found a staircase to the Swamp.
 13502 | Lair:3   | Killed spaghetti's ghost
 13518 | Lair:3   | Killed clara's ghost
 14784 | Lair:5   | Identified the +6 whip of Elonavis {venom, rElec SInv}
 15418 | Lair:6   | Entered Level 6 of the Lair of Beasts
 15674 | Lair:5   | Received a gift from Okawaru
 15691 | Lair:5   | Reached skill level 10 in Shields
 16063 | Lair:6   | Reached skill level 13 in Unarmed Combat
 16396 | Lair:6   | Received a gift from Okawaru
 16416 | Lair:6   | Reached XP level 14. HP: 134/143 MP: 17/17
 16775 | Lair:6   | Reached skill level 14 in Unarmed Combat
 16933 | Lair:6   | Found the +3 warlock's mirror {reflect}
 17053 | Lair:6   | Found a viscous altar of Jiyva.
 17053 | Lair:6   | Found a staircase to the Slime Pits.
 17553 | D:9      | Reached ****** piety under Okawaru
 17561 | D:9      | Reached skill level 15 in Unarmed Combat
 17561 | D:9      | Identified the +0 pair of boots "Ystronim" {rPois Dex+6
                  | SInv}
 17860 | D:12     | Identified a scroll of acquirement
 17860 | D:12     | Acquired the +2 hat "Ceanuaz" {rC+ Regen+ MP+9}
 18144 | D:12     | Noticed Kirke
 18152 | D:12     | Killed Kirke
 18152 | D:12     | Received a gift from Okawaru
 18890 | Orc:1    | Entered Level 1 of the Orcish Mines
 19355 | Orc:2    | Entered Level 2 of the Orcish Mines
 19361 | Orc:2    | Reached skill level 16 in Unarmed Combat
 19416 | Orc:2    | Noticed Erolcha
 19431 | Orc:2    | Cast into level 2 of the Abyss (Erolcha)
 19441 | Orc:2    | Escaped the Abyss
 19448 | Orc:2    | Killed Erolcha
 19474 | Orc:2    | Found a dark tunnel.
 19479 | Volcano  | Entered a volcano
 19690 | Volcano  | Found a burning altar of Makhleb.
 19708 | Volcano  | Noticed a stone giant
 19718 | Volcano  | Killed a stone giant
 19806 | Volcano  | Reached skill level 5 in Dodging
 20146 | Orc:2    | Found a staircase to the Elven Halls.
 20214 | Orc:2    | Found Moacis's Distillery.
 20230 | Orc:2    | Found Asiot's Book Shop.
 20435 | Orc:1    | Identified the +2 fustibalus of Naohexir {venom, Fragile
                  | rElec rF+ Dex+2} (Okawaru gifted it to you on level 1 of
                  | the Orcish Mines)
 20435 | Orc:1    | Received a gift from Okawaru
 20606 | Orc:2    | Reached XP level 15. HP: 144/149 MP: 18/18
 20654 | Orc:2    | Found Fannozol's Magic Scroll Shoppe.
 20682 | Orc:2    | Found Jusmuk's Weapon Shop.
 20748 | Orc:2    | Bought a scroll of enchant armour for 105 gold pieces
 20748 | Orc:2    | Bought a scroll of holy word for 105 gold pieces
 20748 | Orc:2    | Bought a scroll of magic mapping for 49 gold pieces
 20748 | Orc:2    | Bought a scroll of teleportation for 42 gold pieces
 20748 | Orc:2    | Bought a scroll of fog for 28 gold pieces
 20834 | Orc:2    | Found a shimmering blue altar of Sif Muna.
 21099 | Orc:2    | Bought a manual of Dodging for 1040 gold pieces
 21101 | Orc:2    | Bought a potion of haste for 140 gold pieces
 21101 | Orc:2    | Bought a potion of invisibility for 112 gold pieces
 21101 | Orc:2    | Bought a potion of might for 56 gold pieces
 21101 | Orc:2    | Bought a potion of resistance for 140 gold pieces
 21101 | Orc:2    | Bought a potion of heal wounds for 70 gold pieces
 21101 | Orc:2    | Bought a potion of curing for 42 gold pieces
 21101 | Orc:2    | Bought a potion of might for 56 gold pieces
 21101 | Orc:2    | Bought a potion of curing for 42 gold pieces
 21101 | Orc:2    | Bought a potion of heal wounds for 70 gold pieces
 21351 | D:13     | You fall into a shaft and drop 1 floor!
 21360 | D:14     | Found a gate leading to a gauntlet.
 21369 | Gauntlet | Entered a Gauntlet
 21369 | Gauntlet | Found a transporter.
 21372 | Gauntlet | Found a transporter.
 21385 | Gauntlet | Found a transporter.
 21389 | Gauntlet | Found a transporter.
 21405 | Gauntlet | Found a transporter.
 21419 | Gauntlet | Found a runed translucent gate.
 21420 | Gauntlet | Found a transporter.
 21420 | Gauntlet | Found a runed translucent gate.
 21421 | Gauntlet | Found a runed translucent gate.
 21433 | Gauntlet | Found a transporter.
 21451 | Gauntlet | Found a transporter.
 21455 | Gauntlet | Found a transporter.
 21463 | Gauntlet | Found a transporter.
 21507 | Gauntlet | Found a transporter.
 21507 | Gauntlet | Found a transporter.
 21631 | Gauntlet | Identified the +0 cloak of Parts Unknown {Str+6}
 21701 | Gauntlet | Identified the ring "Idompuq" {Ice rN++}
 21740 | Gauntlet | Found the +10 zealot's sword {holy, *Rage rN+ EV+3}
 21900 | D:14     | Identified the +0 robe of the Morning Star {rC+ Int+6
                  | Dex-4} (Okawaru gifted it to you on level 14 of the
                  | Dungeon)
 21900 | D:14     | Received a gift from Okawaru
 22073 | D:14     | Reached skill level 10 in Dodging
 22168 | D:14     | Found Qograq's Book Emporium.
 22781 | D:15     | Entered Level 15 of the Dungeon
 22931 | D:15     | Found a staircase to the Depths.
 22936 | Arena    | Entered the Arena
 23806 | D:13     | Found a gate to the Vaults.
 23856 | D:13     | Received a gift from Okawaru
 23996 | D:13     | Found Miodgh's Assorted Antiques.
 24047 | D:13     | Reached skill level 10 in Invocations
 24140 | D:13     | Bought a coral ring for 150 gold pieces
 24254 | D:13     | Identified the ring "Zaosam Aste" {Int+3 Slay+4}
 24375 | D:13     | Reached XP level 16. HP: 107/158 MP: 23/23
 24534 | D:13     | Identified the +0 scale mail "Rualam" {Harm Drain rC+++
                  | Str+4}
 24620 | D:13     | Found Delevyr's Weapon Boutique.
 24649 | D:13     | Received a gift from Okawaru
 25009 | D:13     | Found Delevyr's Weapon Boutique.
 25106 | D:13     | Found a gate to the Vaults.
 25227 | D:13     | Found Miodgh's Assorted Antiques.
 25474 | D:13     | Found Miodgh's Assorted Antiques.
 25567 | D:13     | Found Delevyr's Weapon Boutique.
 25669 | D:13     | Found a gate to the Vaults.
 26172 | Swamp:1  | Entered Level 1 of the Swamp
 27182 | Swamp:2  | Noticed a thorn hunter
 27199 | Swamp:2  | Killed a thorn hunter
 27290 | Swamp:2  | Received a gift from Okawaru
 27468 | Swamp:2  | Reached skill level 17 in Unarmed Combat
 27659 | Swamp:3  | Noticed Mlioglotl
 27682 | Swamp:3  | Killed Mlioglotl
 27699 | Swamp:3  | Received a gift from Okawaru
 28024 | Swamp:3  | Noticed a thorn hunter
 28043 | Swamp:3  | Killed a thorn hunter
 28100 | Swamp:3  | Reached skill level 18 in Unarmed Combat
 28493 | Swamp:4  | Entered Level 4 of the Swamp
 28857 | Swamp:4  | Reached XP level 17. HP: 150/166 MP: 25/25
 28911 | Swamp:4  | Got a decaying rune of Zot
 28951 | Swamp:4  | Noticed a tentacled monstrosity
 28958 | Swamp:4  | Killed a tentacled monstrosity
 28958 | Swamp:4  | Received a gift from Okawaru
 28959 | Swamp:4  | Reached skill level 19 in Unarmed Combat
 29603 | Spider:1 | Entered Level 1 of the Spider Nest
 29810 | Spider:1 | Reached skill level 20 in Unarmed Combat
 30456 | Spider:1 | Received a gift from Okawaru
 30538 | Spider:2 | Noticed Aizul
 30607 | Spider:1 | Paralysed by a jorogumo for 3 turns
 30777 | Spider:1 | Killed Aizul
 30841 | Spider:2 | Noticed Donald
 30924 | Spider:1 | Killed Donald
 30983 | Spider:1 | HP: 11/249 [sun moth (11)]
 30987 | Spider:1 | Slain by a sun moth

Illustrated notes

Levels and vault maps discovered:
D:1:      matt_arrival_spirals, layout_basic,
          shapermc_ecumenical_altar_mp_ritualfount, minmay_3d_cube
D:2:      layout_basic, uniq_jessica
D:3:      layout_rooms
D:4:      layout_basic, hangedman_glass_teeth
D:5:      layout_rooms, cheibrodos_sewer_entry_bend, nicolae_specific_store,
          minmay_misc_feat_roman
D:6:      layout_loops_ring, mainiacjoe_overflow_paths,
          nicolae_ru_great_annihilating_truth, minmay_temple_entry_tees
D:7:      gammafunk_wand_slinger, layout_gridville
D:8:      layout_cave_pools, serial_shops, shop, small_chamber_with_monster,
          chequers_serial_rivers_large_b, uniq_maggie, uniq_grum, uniq_erica
D:9:      minmay_gate_of_8, layout_rooms
D:10:     layout_rooms, erik_lair_island, orc_0_dummy, eino_tiny_chamber,
          grunt_potential
D:11:     layout_rooms, nicolae_elyvilon_peaceful_grove
D:12:     layout_basic, uniq_kirke
D:13:     minmay_the_grid_triangle_9x9_rhombus_thin_mashed
          [minmay_the_grid_triangle_9x9_thin_v,
          minmay_the_grid_triangle_9x9_prize_schism,
          minmay_the_grid_triangle_9x9_cache,
          minmay_the_grid_triangle_9x9_corruption], layout_irregular_city,
          lightli_vaults_fourway_checkpoint, serial_shops,
          nicolae_shop_bloodbath_and_beyond, nicolae_inconvenience_store
D:14:     layout_loops_ring, serial_shops, shop, gauntlet_entry_generic,
          minmay_misc_feat_doors, grunt_ministairs_1
D:15:     hangedman_depths_entry_civil_slaughter, layout_irregular_city,
          roderic_roman_lattice
Temple:   mainiacjoe_temple_big_plus
Lair:1:   layout_loops_ring, special_room [special_room_bee],
          serial_bayou_shore_b
Lair:2:   layout_cave_pods, hellmonk_spider_entry_life_and_decay,
          grunt_forest_small_clearing_treed, infiniplex_staircase_pool
Lair:3:   layout_roguey, minmay_swamp_entry_swarm, gammafunk_ghost_cemetery,
          nicolae_lair_lil_pond, minmay_holes
Lair:4:   layout_long_grid, grunt_megastairs_3
Lair:5:   layout_misc_corridors
Lair:6:   minmay_lair_end_frog_pond, layout_regular_city, slime_altar_1,
          infiniplex_staircase_pool_2
Swamp:1:  layout_falls_marsh, hangedman_swamp_lotus
Swamp:2:  cheibrodos_swamp_tower_of_moss, layout_basic_swamp, serial_swamp_ruin,
          evilmike_swamp_ruin_rubble_2, evilmike_swamp_ruin_rubble_1
Swamp:3:  layout_basic_swamp, evilmike_swamp_ruin_house_1, uniq_mlioglotl
Swamp:4:  swamp_alternative, layout_basic_swamp
Spider:1: layout_spider_delve, nicolae_spider_circle_web, guppyfry_spider_mini_1
Spider:2: layout_spider_delve, nicolae_spider_bug_shape, uniq_agnes,
          uniq_arachne, uniq_aizul, uniq_donald
Orc:1:    layout_caves, basic_altar, nicolae_orc_sculptors_studio,
          nicolae_orc_damp_corner
Orc:2:    st_orc_elflike, layout_caves, enter_volcano_4,
          kennysheep_orc_sif_temple, uniq_erolcha

Skill      XL: |  1  2  3  4  5  6  7  8  9 10 11 12 13 14 15 16 17 |
---------------+----------------------------------------------------+-----
Unarmed Combat | 4 5 7 8 9 12 13 16 18 20 | 20.9
Fighting       | 3 7 10 | 10.0
Invocations    | 4 6 10 12 | 12.0
Armour         | 7 10 | 10.0
Shields        | 6 10 | 10.0
Dodging        | 6 10 | 10.0
Stealth        | |  1.0

Action                   |  1- 3 |  4- 6 |  7- 9 | 10-12 | 13-15 | 16-18 || total
-------------------------+-------+-------+-------+-------+-------+-------++-------
Melee: Unarmed           |   120 |   137 |   242 |   742 |  1158 |   825 ||  3224
       Punch             |     3 |     8 |    15 |    26 |       |       ||    52
       Club              |       |       |       |     7 |       |       ||     7
Throw: Dart              |       |     2 |     2 |     5 |       |       ||     9
       Javelin           |       |       |       |     3 |       |       ||     3
       Large rock        |       |       |       |     1 |    28 |     4 ||    33
Invok: Heroism           |       |       |     7 |    27 |    39 |    30 ||   103
       Finesse           |       |       |       |     3 |     6 |     4 ||    13
       Duel              |       |       |       |       |     1 |       ||     1
Evoke: Wand              |       |       |       |     1 |       |       ||     1
  Use: Scroll            |       |     8 |     5 |    17 |    11 |     1 ||    42
       Potion            |       |     1 |     1 |     5 |       |     7 ||    14
 Stab: Sleeping          |     1 |     1 |       |       |       |       ||     2
       Invisible         |       |       |     1 |       |       |       ||     1
       Paralysed         |       |       |     1 |       |       |       ||     1
       Distracted        |       |       |       |     1 |       |       ||     1
       Confused          |       |       |       |       |       |     1 ||     1
Armor: Robe              |    30 |    41 |    69 |    47 |       |       ||   187
       Acid dragon scale |       |       |       |   350 |   559 |   143 ||  1052
       Swamp dragon scal |       |       |       |       |       |   346 ||   346
Dodge: Dodged            |    64 |    62 |    94 |   355 |   391 |   464 ||  1430
Block: Kite shield       |       |       |       |   174 |   839 |   862 ||  1875
       Reflection        |       |       |       |       |    38 |    23 ||    61

Table legend: (Time is in decaauts)
 A = Elapsed time spent in this place.
 B = Non-inter-level travel time spent in this place.
 C = Inter-level travel time spent in this place.
 D = Time resting spent in this place.
 E = Time spent auto-exploring this place.
 F = Levels seen in this place.
 G = Mean time per level.
                   A        B        C        D        E       F      G
               +--------+--------+--------+--------+--------+-----+--------+
         Total |  30762 |  29344 |   1418 |   3606 |  11563 |  35 |  878.9 |
       Dungeon |  14995 |  14297 |    698 |   1340 |   6886 |  15 |  999.7 |
        Temple |    459 |    393 |     66 |      0 |    384 |   1 |  459.0 |
          Lair |   7621 |   7169 |    452 |   1235 |   2190 |   6 | 1270.2 |
         Swamp |   3399 |   3349 |     50 |    447 |   1009 |   4 |  849.8 |
   Spider Nest |   1261 |   1248 |     13 |    261 |    346 |   2 |  630.5 |
  Orcish Mines |   1817 |   1679 |    138 |    258 |    556 |   2 |  908.5 |
         Abyss |      9 |      9 |      0 |      0 |      0 |   1 |    9.0 |
         Sewer |    398 |    398 |      0 |      0 |    158 |   1 |  398.0 |
       Volcano |    378 |    378 |      0 |     32 |     32 |   1 |  378.0 |
      Gauntlet |    398 |    398 |      0 |     13 |      0 |   1 |  398.0 |
         Arena |     23 |     23 |      0 |     20 |      0 |   1 |   23.0 |
               +--------+--------+--------+--------+--------+-----+--------+

Top non-repeatable levels by time:
    D:13: 2434 daAuts
  Lair:6: 1520 daAuts
  Lair:2: 1355 daAuts
    D:10: 1325 daAuts
  Lair:3: 1304 daAuts
  Lair:1: 1273 daAuts
    D:12: 1255 daAuts
 Swamp:3: 1212 daAuts
Spider:1: 1190 daAuts
     D:8: 1178 daAuts
   Orc:2: 1134 daAuts
  Lair:4: 1084 daAuts
  Lair:5: 1083 daAuts
    D:14: 1033 daAuts
     D:4: 1000 daAuts
